 Dungeon Crawl Stone Soup version 0.19.0-2-gae57169 (webtiles) character file.

10133 evildog the Cleaver (level 11, -1/85 HPs)
             Began as a Formicid Fighter on Nov 4, 2016.
             Was an Elder of Qazlal.
             Slain by a ten-headed hydra (6 damage)
             ... on level 11 of the Dungeon.
             The game lasted 00:32:27 (10162 turns).

evildog the Cleaver (Formicid Fighter)             Turns: 10162, Time: 00:32:28

Health: -1/85      AC: 17    Str: 25    XL:     11   Next: 87%
Magic:  17/17      EV:  7    Int:  7    God:    Qazlal [****..]
Gold:   368        SH: 16    Dex: 10    Spells: 2 memorised, 5 levels left

rFire  + . .     SeeInvis +     J - +2 war axe (vamp)
rCold  . . .     Gourm    .     O - +0 plate armour {rF+}
rNeg   . . .     Faith    +     c - +0 shield
rPois  +         Spirit   .     (helmet unavailable)
rElec  .         Reflect  .     (no cloak)
rCorr  .         Harm     .     L - +0 pair of gloves
MR     +....                    q - +1 pair of boots
Stlth  ..........               y - amulet of faith
                                K - +2 ring of slaying
                                S - ring of poison resistance

@: repel missiles
A: permanent stasis, dig shafts and tunnels, four strong arms, antennae 3
a: Dig, Shaft Self, Upheaval, Elemental Force, Renounce Religion


You were on level 11 of the Dungeon.
You worshipped Qazlal.
Qazlal was greatly pleased with you.
You were not hungry.

You visited 2 branches of the dungeon, and saw 12 of its levels.
You also visited: Sewer.

You collected 653 gold pieces.
You spent 285 gold pieces at shops.

Inventory:

Hand Weapons
 J - a +2 vampiric war axe (weapon)
Armour
 c - a +0 shield (worn)
 q - a +1 pair of boots (worn)
 L - a +0 pair of gloves (worn)
 O - a +0 plate armour of fire resistance (worn)
Jewellery
 b - an uncursed ring of fire
 e - an uncursed amulet of magic regeneration
 h - a +5 ring of intelligence
 y - an amulet of faith (around neck)
 K - a +2 ring of slaying (right hand)
 S - a ring of poison resistance (left hand)
Wands
 x - a wand of iceblast (0/15)
Scrolls
 l - a scroll of fog
 o - 2 scrolls of immolation
 p - 5 scrolls of magic mapping {unknown}
 r - a scroll of enchant weapon {unknown}
 t - a scroll of amnesia
 v - a scroll of brand weapon {unknown}
 B - 2 scrolls of teleportation {unknown}
 E - a scroll of blinking {unknown}
 F - a scroll of fear {unknown}
 P - a scroll of enchant armour {unknown}
 R - a scroll of remove curse {unknown}
Potions
 d - a potion of might
 i - 9 potions of flight
 j - 3 potions of agility
 k - a potion of brilliance {unknown}
 s - 5 potions of cancellation
 u - a potion of lignification {unknown}
 w - a potion of ambrosia {unknown}
 z - a potion of berserk rage
 A - 9 potions of curing
 H - a potion of mutation {unknown}
 I - 2 potions of magic {unknown}
Books
 G - a book of Minor Magic

   Spells                             Type                      Level
   a - Magic Dart                     Conjuration                  1
   b - Blink                          Translocation                2
   c - Call Imp                       Summoning                    2
   d - Repel Missiles                 Charms/Air                   2
   e - Slow                           Hexes                        2
   f - Conjure Flame                  Conjuration/Fire             3
   g - Mephitic Cloud                 Conjuration/Poison/Air       3
 Q - a book of Necromancy

   Spells                             Type                      Level
   a - Pain                           Necromancy                   1
   b - Animate Skeleton               Necromancy                   1
   c - Vampiric Draining              Necromancy                   3
   d - Regeneration                   Charms/Necromancy            3
   e - Animate Dead                   Necromancy                   4
   f - Control Undead                 Necromancy                   4
Miscellaneous
 a - a lamp of fire (inert)
Comestibles
 f - 6 bread rations
 g - 2 slices of pizza
 n - 6 fruits
 C - 2 beef jerkies
 D - 2 meat rations
 M - 5 chunks of flesh
 N - 9 royal jellies


   Skills:
 + Level 7.7 Fighting
 * Level 11.4 Axes
 + Level 7.6 Armour
 + Level 8.5 Shields
 + Level 2.5 Charms
 + Level 2.8 Necromancy
 + Level 1.7 Air Magic
 + Level 8.1 Invocations


You had 5 spell levels left.
You knew the following spells:

 Your Spells              Type           Power        Failure   Level  Hunger
a - Repel Missiles        Chrm/Air       #.....       100%        2    ###....
b - Regeneration          Chrm/Necr      #.........   100%        3    ####...


Dungeon Overview and Level Annotations

Branches:
Dungeon (11/15)            Temple (1/1) D:5             Orc (0/2) D:11
   Lair: D:8-11

Altars:
Ashenzari
Cheibriados
Dithmenos
Elyvilon
Fedhas
Gozag
Hepliaklqana
Kikubaaqudgha
Makhleb
Nemelex Xobeh
Okawaru
Qazlal
Ru
Sif Muna
Trog
Uskayaw
Vehumet
Xom
Yredelemnul
Zin
The Shining One

Shops:
D:10 (


Innate Abilities, Weirdness & Mutations

You are under a permanent stasis effect.
You can dig through walls and to a lower floor.
Your four strong arms can wield two-handed weapons with a shield.
You have a pair of large antennae on your head. (SInv)


Message History

You feel much better.
The ten-headed hydra is engulfed in roaring flames.
The ten-headed hydra bites you!
* * * LOW HITPOINT WARNING * * *
You block the ten-headed hydra's attack.
The ten-headed hydra bites you.
* * * LOW HITPOINT WARNING * * *
The ten-headed hydra closely misses you.
The ten-headed hydra barely misses you.
You block the ten-headed hydra's attack. x2
The ten-headed hydra bites you.
* * * LOW HITPOINT WARNING * * *
The ten-headed hydra bites you but does no damage. x2
The ten-headed hydra is engulfed in roaring flames.
The ten-headed hydra bites you but does no damage. x2
You block the ten-headed hydra's attack.
The ten-headed hydra bites you but does no damage. x2
You block the ten-headed hydra's attack. x2
The ten-headed hydra bites you.
You die...

.... #.......†....#...#......#
....>#............#...#......#
#...##.##..##....#........#.#
####...##.######..############.#
..^................# .#
...................# .#
...................#
...................#
##....†.##..§D@..# {
#......##.§§...##
#.....†######### #......'†......
+......#†...... #......#†).....
#......#....... #......##......
######## ......


You could see a ten-headed hydra.

Vanquished Creatures
  The ghost of Monkfish the Unseen, a journeyman KoBe of Trog (D:10)
  Sonja (D:10)
  2 hill giants
  Pikel (D:6)
  The ghost of newuser the Chiller, a novice DrTm of Makhleb (D:6)
  A troll (D:9)
  2 hippogriffs
  A basilisk (D:11)
  Grum (D:11)
  Duvessa (D:5)
  A porcupine (D:11)
  3 sky beasts
  7 orc warriors
  A necrophage (D:9)
  3 black bears
  3 wolves (D:11)
  4 ogres
  2 crocodiles (D:11)
  3 centaurs
  3 big kobolds (Sewer)
  Blork the orc (D:6)
  5 bullfrogs
  A gnoll sergeant (D:6)
  Dowan (D:5)
  A scorpion (D:10)
  13 killer bees
  3 howler monkeys (D:8)
  9 wights (D:10)
  A bullfrog zombie (D:5)
  5 crimson imps
  2 centaur skeletons
  3 jellies (D:8)
  7 orc priests
  A bullfrog skeleton (D:8)
  3 hounds
  15 orc wizards
  Jessica (D:7)
  12 iguanas
  4 worker ants
  A killer bee zombie (D:5)
  A howler monkey zombie (D:8)
  12 gnolls
  9 adders
  9 river rats
  3 shadow imps
  5 oozes (D:8)
  2 worms
  4 dart slugs
  5 leopard geckos
  45 orcs
  5 bats
  7 giant cockroaches
  6 hobgoblins
  2 jackals (D:5)
  A quokka (D:9)
  8 ball pythons
  6 frilled lizards
  9 goblins
  24 kobolds
  A quokka zombie (D:5)
  27 rats
322 creatures vanquished.

Vanquished Creatures (collateral kills)
  A porcupine (D:11)
  A centaur zombie (D:11)
  An iguana (D:11)
  A river rat (D:11)
4 creatures vanquished.

Vanquished Creatures (others)
  An orc warrior (D:6)
  4 slaves (D:6)
  An orc wizard (D:6)
  A gnoll (D:6)
  A leopard gecko (D:2)
  An orc (D:6)
  A kobold (D:2)
10 creatures vanquished.

Grand Total: 336 creatures vanquished

Notes
Turn   | Place    | Note
-------+----------+-------------------------------------------
     0 | D:1      | evildog the Formicid Fighter began the quest for the Orb.
     0 | D:1      | Reached XP level 1. HP: 18/18 MP: 1/1
   138 | D:1      | Reached XP level 2. HP: 23/24 MP: 2/2
   332 | D:1      | Reached skill level 3 in Axes
   431 | D:1      | Reached XP level 3. HP: 26/29 MP: 3/3
   835 | D:2      | Found a radiant altar of Vehumet.
   895 | D:2      | Found a white marble altar of Elyvilon.
  1201 | D:2      | Reached XP level 4. HP: 35/35 MP: 4/4
  1640 | D:2      | Reached skill level 4 in Axes
  2049 | D:3      | Reached XP level 5. HP: 26/41 MP: 5/5
  2182 | D:3      | Reached skill level 5 in Axes
  2477 | D:3      | Reached XP level 6. HP: 44/47 MP: 6/6
  2752 | D:4      | Reached skill level 6 in Axes
  2902 | D:4      | Found a glowing silver altar of Zin.
  3068 | D:4      | Noticed an ogre
  3072 | D:4      | Killed an ogre
  3098 | D:5      | Entered Level 5 of the Dungeon
  3098 | D:5      | Found a sparkling altar of Nemelex Xobeh.
  3119 | D:5      | Reached XP level 7. HP: 37/52 MP: 7/7
  3173 | D:5      | Reached skill level 7 in Axes
  3444 | D:5      | Found a glowing drain.
  3467 | Sewer    | Entered a sewer
  3555 | Sewer    | Reached skill level 8 in Axes
  3709 | Sewer    | Reached XP level 8. HP: 55/58 MP: 8/8
  3810 | Sewer    | Reached skill level 9 in Axes
  4247 | D:5      | Found a staircase to the Ecumenical Temple.
  4331 | Temple   | Entered the Ecumenical Temple
  4363 | Temple   | Became a worshipper of Qazlal Stormbringer
  4385 | D:5      | Noticed Duvessa
  4385 | D:5      | Noticed Dowan
  4394 | D:5      | Killed Duvessa
  4395 | D:5      | Killed Dowan
  4485 | D:6      | Noticed Blork the orc
  4507 | D:6      | Killed Blork the orc
  4507 | D:6      | Reached skill level 10 in Axes
  4580 | D:6      | Noticed newuser's ghost (novice DrTm)
  4593 | D:6      | Killed newuser's ghost
  4593 | D:6      | Reached XP level 9. HP: 22/65 MP: 9/9
  5114 | D:6      | Noticed Pikel
  5141 | D:6      | Killed Pikel
  5141 | D:6      | Reached skill level 5 in Fighting
  5141 | D:6      | Reached skill level 5 in Armour
  5141 | D:6      | Reached skill level 5 in Shields
  5776 | D:6      | Found a sacrificial altar of Ru.
  5800 | D:6      | Learned a level 2 spell: Repel Missiles
  6241 | D:7      | Reached * piety under Qazlal
  6279 | D:7      | Found a shimmering altar of Xom.
  6280 | D:7      | Found a shimmering altar of Xom.
  6280 | D:7      | Found a shimmering altar of Xom.
  6281 | D:7      | Found a shimmering altar of Xom.
  6322 | D:7      | Noticed a hippogriff
  6340 | D:7      | Killed a hippogriff
  6490 | D:7      | Found a sparkling altar of Nemelex Xobeh.
  6490 | D:7      | Noticed Jessica
  6494 | D:7      | Killed Jessica
  6603 | D:7      | Reached XP level 10. HP: 52/76 MP: 10/10
  7267 | D:8      | Reached ** piety under Qazlal
  7306 | D:8      | Reached skill level 11 in Axes
  7973 | D:8      | Learned a level 3 spell: Regeneration
  8070 | D:9      | Reached *** piety under Qazlal
  8539 | D:9      | Reached **** piety under Qazlal
  8580 | D:9      | Reached skill level 1 in Invocations
  8580 | D:9      | Reached XP level 11. HP: 48/85 MP: 10/12
  8813 | D:10     | Entered Level 10 of the Dungeon
  8845 | D:10     | Noticed Sonja
  8845 | D:10     | Noticed a hill giant
  8863 | D:10     | Killed a hill giant
  8863 | D:10     | Reached skill level 5 in Invocations
  8902 | D:10     | Killed Sonja
  9445 | D:10     | Reached skill level 1 in Necromancy
  9504 | D:10     | Found Naqub's Antique Weapon Boutique.
  9546 | D:10     | Bought a runed war axe for 285 gold pieces
  9608 | D:10     | Reached skill level 1 in Charms
  9770 | D:10     | Noticed Monkfish's ghost (journeyman KoBe)
  9795 | D:10     | Killed Monkfish's ghost
  9795 | D:10     | Reached skill level 1 in Air Magic
  9928 | D:11     | Noticed a hill giant
  9935 | D:11     | Killed a hill giant
  9957 | D:11     | Found a staircase to the Orcish Mines.
  9959 | D:11     | Noticed Grum
  9976 | D:11     | Killed Grum
  9979 | D:11     | Noticed an eight-headed hydra
 10146 | D:11     | HP: 3/85 [ten-headed hydra (11)]
 10152 | D:11     | HP: 4/85 [ten-headed hydra (6)]
 10162 | D:11     | Slain by a ten-headed hydra

Skill      XL: |  1  2  3  4  5  6  7  8  9 10 11 |
---------------+----------------------------------+-----
Axes           | 3 4 5 6 8 10 11 | 11.4
Fighting       | 4 5 7 |  7.7
Armour         | 4 5 7 |  7.6
Shields        | 4 6 8 |  8.5
Invocations    | 1 8 |  8.1
Necromancy     | 2 |  2.8
Charms         | 2 |  2.5
Air Magic      | 1 |  1.7

Action                   |  1- 3 |  4- 6 |  7- 9 | 10-12 || total
-------------------------+-------+-------+-------+-------++-------
Melee: War axe           |    88 |   106 |   302 |   519 ||  1015
Invok: Upheaval          |       |       |       |     5 ||     5
       Elemental Force   |       |       |       |     2 ||     2
Evoke: Wand              |       |     2 |     1 |       ||     3
       Lamp of fire      |       |       |       |     1 ||     1
  Use: Scroll            |     4 |     1 |     6 |     3 ||    14
       Potion            |       |       |     2 |     4 ||     6
  Eat: Chunk             |     1 |     6 |    10 |     9 ||    26
       Fruit             |       |       |       |     3 ||     3
       Meat ration       |       |       |       |     1 ||     1
       Royal jelly       |       |       |       |     1 ||     1
       Beef jerky        |       |       |       |     1 ||     1
Armor: Scale mail        |    32 |    48 |   128 |       ||   208
       Plate armour      |       |       |       |   158 ||   158
       Chain mail        |       |       |       |    46 ||    46
Dodge: Dodged            |    21 |    31 |   135 |    93 ||   280
       Deflected         |       |       |       |     2 ||     2
Block: Shield            |    47 |    51 |   183 |   396 ||   677
